 Dungeon Crawl Stone Soup version 0.31-a0-4-gefa6de2278 (webtiles) character file.

Game seed: 18230158555391847116

214 DavidChitty2 the Chopper (level 5, -2/47 HPs)
             Began as a Minotaur Fighter on May 3, 2023.
             Killed by divine providence
             ... invoked by an orc priest
              (17 damage)
             ... on level 4 of the Dungeon.
             The game lasted 00:02:36 (2370 turns).

DavidChitty2 the Chopper (Minotaur Fighter)         Turns: 2370, Time: 00:02:37

Health: -2/47      AC: 14    Str: 22    XL:     5   Next: 59%
Magic:  4/4        EV:  6    Int:  5    God:
Gold:   180        SH:  4    Dex: 10    Spells: 4/4 levels left

rFire   . . .        a - +0 war axe
rCold   . . .        c - +0 buckler
rNeg    . . .        g - +0 plate armour
rPois   .            (helmet restricted)
rElec   .            n - +0 cloak
rCorr   .            i - +0 pair of gloves
SInv    +            (no boots)
Will    .....        (no amulet) Stlth
                     z - ring of see invisible
HPRegen 0.27/turn    (no ring)
MPRegen 0.09/turn

%: no passive effects
@: no status effects
A: horns 2, retaliatory headbutt
a: no special abilities


You were on level 4 of the Dungeon.
You visited 1 branch of the dungeon, and saw 4 of its levels.

You collected 180 gold pieces.

Inventory:

Hand Weapons
 a - a +0 war axe (weapon)
 b - a +1 hammer of protection
   (You found it on level 3 of the Dungeon)
Armour
 c - a +0 buckler (worn)
 g - a +0 plate armour (worn)
   (You found it on level 1 of the Dungeon)
 i - a +0 pair of gloves (worn)
   (You found it on level 2 of the Dungeon)
 n - a +0 cloak (worn)
   (You took it off Crazy Yiuf on level 3 of the Dungeon)
Jewellery
 z - a ring of see invisible (left hand)
   (You found it on level 1 of the Dungeon)
Scrolls
 f - 4 scrolls of identify {unknown}
 l - a scroll of poison {unknown}
 m - a scroll of acquirement {unknown}
 p - a scroll of silence {unknown}
Potions
 d - a potion of might
 e - a potion of resistance {unknown}
 h - a potion of flight {unknown}
 j - a potion of curing {unknown}
 k - 2 potions of heal wounds {unknown}
 o - 2 potions of attraction {unknown}


   Skills:
 + Level 4.7 Fighting
 * Level 4.9 Axes
 + Level 4.7 Armour
 + Level 4.6 Shields


You had 4 spell levels left.
You didn't know any spells.
Your spell library contained the following spells:

 Spells                   Type           Power      Damage    Failure   Level
 Sting                    Tmut/Pois      0%         1d3       100%        1
 Poisonous Vapours        Pois/Air       0%         N/A       100%        2
 Sublimation of Blood     Necr           0%         N/A       100%        2
 Wereblood                Tmut           0%         N/A       100%        2
 Olgreb's Toxic Radiance  Pois           0%         N/A       100%        4
 Summon Hydra             Summ           0%         N/A       100%        7


Dungeon Overview and Level Annotations

Branches:
Dungeon (4/15)
 Temple: D:4-7

Altars:


Innate Abilities, Weirdness & Mutations

You have a pair of horns on your head.
You reflexively headbutt those who attack you in melee.


Message History

No target in view!
No target in view!
No target in view!
No target in view!
No target in view!
No target in view!
No target in view!
You see here a +0 whip.
Found a stone staircase leading up.
You see here 4 stones.
There is a stone staircase leading up here.
There is a stone staircase leading up here.
You see here 4 stones.
Found 13 gold pieces.
You now have 180 gold pieces (gained 13).
Things that are here:
a +0 dagger; 5 stones Done exploring.
Done exploring.
Done exploring.
There is a stone staircase leading down here.
You climb downwards.
The orc priest shouts!
The orc wizard shouts!
The orc priest shouts! x2
Found a blackened iron wand.
There is a stone staircase leading up here.
You slash the orc wizard!
You kill the orc wizard!
The orc priest mumbles some strange prayers to Beogh against you.
Beogh smites you! You block the orc priest's attack.
Things that are here:
a +0 dagger of venom; a +0 robe; an orc corpse You barely miss the orc priest.
You block the orc priest's attack.
You closely miss the orc priest. Your headbutt misses the orc priest.
The orc priest begins to cast a cantrip, but forgets the words!
The orc priest hits you but does no damage.
You hit the orc priest. You headbutt the orc priest.
The orc priest calls down the wrath of Beogh upon you.
Beogh smites you!
You hit the orc priest but do no damage.
The orc priest hits you with a +0 hand axe.
You hit the orc priest but do no damage.
The orc priest calls upon Beogh to heal the orc priest.
The orc priest is healed somewhat.
The orc priest calls down the wrath of Beogh upon you.
Beogh smites you!
* * * LOW HITPOINT WARNING * * *
The orc priest mumbles some strange prayers to Beogh against you.
Beogh smites you!
You die...

...
#/#
#.#
#.#
#o#
#o#
#.#
#o#
#@#
#.#
#.#
#.#
#.#
#.#
#.#
#.#


You could see 3 orc priests.

Vanquished Creatures
  A hound (D:3)
  An orc priest (D:3)
  Crazy Yiuf (D:3)
  An orc wizard (D:4)
  4 adders
  2 worms
  4 dart slugs
  3 orcs (D:3)
  8 bats
  2 endoplasms (D:3)
  4 giant cockroaches
  A hobgoblin (D:3)
  8 kobolds
  3 quokkas
  3 ball pythons (D:1)
  2 frilled lizards (D:2)
  5 rats
53 creatures vanquished.

Notes
Turn   | Place    | Note
-------+----------+-------------------------------------------
     0 | D:1      | DavidChitty2 the Minotaur Fighter began the quest for the
                  | Orb.
     0 | D:1      | Reached XP level 1. HP: 19/19 MP: 0/0
   282 | D:1      | Reached XP level 2. HP: 27/27 MP: 1/1
   826 | D:2      | Reached XP level 3. HP: 33/33 MP: 2/2
  1546 | D:3      | Reached XP level 4. HP: 27/40 MP: 3/3
  1913 | D:3      | Found a runed translucent door.
  1914 | D:3      | Noticed Crazy Yiuf
  1919 | D:3      | Killed Crazy Yiuf
  1920 | D:3      | Reached XP level 5. HP: 47/47 MP: 4/4
  2370 | D:4      | Killed from afar by an orc priest

Illustrated notes

Levels and vault maps discovered:
D:1:      dpeg_chamrin_arrival_tetris, layout_loops_ring, serial_glass,
          glass_columns_a, glass_columns_c, glass_columns_a, glass_columns_a,
          glass_columns_a, glass_columns_a, glass_columns_a, glass_columns_a,
          glass_columns_b, glass_columns_a
D:2:      layout_basic
D:3:      layout_loops_ring, minmay_three_crescents, uniq_crazy_yiuf_cottage
D:4:      layout_rooms, minmay_temple_entry_mist, serial_shops, shop,
          hellmonk_ghost_happy_afterlife

Skill      XL: |  1  2  3  4 |
---------------+-------------+-----
Axes           | 3 4 |  4.9
Armour         | 4 |  4.7
Shields        | 4 |  4.6
Fighting       | 4 |  4.7

Action                     |  1- 3 |  4- 6 || total
---------------------------+-------+-------++-------
  Melee: War axe           |    67 |    52 ||   119
         Headbutt          |     9 |     4 ||    13
 Armour: Scale mail        |    20 |       ||    20
         Plate armour      |    19 |    53 ||    72
  Dodge: Dodged            |    21 |    17 ||    38
  Block: Buckler           |    13 |    21 ||    34

Table legend: (Time is in decaauts)
 A = Elapsed time spent in this place.
 B = Non-inter-level travel time spent in this place.
 C = Inter-level travel time spent in this place.
 D = Time resting spent in this place.
 E = Time spent auto-exploring this place.
 F = Levels seen in this place.
 G = Mean time per level.
                   A        B        C        D        E       F      G
               +--------+--------+--------+--------+--------+-----+--------+
         Total |   2410 |   2257 |    153 |      0 |   1836 |   4 |  602.5 |
       Dungeon |   2410 |   2257 |    153 |      0 |   1836 |   4 |  602.5 |
               +--------+--------+--------+--------+--------+-----+--------+

Top non-repeatable levels by time:
     D:3: 883 daAuts
     D:2: 828 daAuts
     D:1: 689 daAuts
     D:4: 9 daAuts
